 Dungeon Crawl Stone Soup version 0.26.1-11-gd32895ea62 (webtiles) character file.

Game seed: 2731151917328468677

8661 Saba the Fighter (level 11, -5/72 HPs)
             Began as a Gargoyle Hunter on July 6, 2021.
             Was an Elder of Okawaru.
             Slain by a large slime creature (35 damage)
             ... on level 10 of the Dungeon.
             The game lasted 00:29:32 (15612 turns).

Saba the Fighter (Gargoyle Hunter)                 Turns: 15612, Time: 00:29:33

Health: -5/72      AC: 15    Str: 21    XL:     11   Next: 34%
Magic:  9/9        EV: 15    Int: 12    God:    Okawaru [****..]
Gold:   626        SH:  0    Dex: 12    Spells: 10/10 levels left

rFire    + . .     SeeInvis .   i - +2 quarterstaff (vorpal)
rCold    x . .     Faith    .   (shield currently unavailable)
rNeg     + + .     Spirit   .   H - +0 troll leather armour
rPois    ∞         Reflect  .   (no helmet)
rElec    +         Harm     .   D - +0 cloak
rCorr    .         Rampage  .   (no gloves)
Will     .....                  (no boots)
Stlth    +.........             E - amulet of regeneration
HPRegen  1.02/turn              m - ring of fire
MPRegen  0.11/turn              B - ring of positive energy

@: no status effects
A: agile 1, low mp 1, negative energy resistance 1, electricity resistance,
strong 1, unbreathing, evolution 1, petrification resistance, miasma immunity,
AC +8
a: Renounce Religion, Heroism


You were on level 10 of the Dungeon.
You worshipped Okawaru.
Okawaru was greatly pleased with you.
You visited 3 branches of the dungeon, and saw 13 of its levels.
You also visited: Sewer.

You collected 626 gold pieces.

Inventory:

Hand Weapons
 a - a +2 hand crossbow
 i - a +2 vorpal quarterstaff (weapon)
 o - the +8 frozen axe "Frostbite" {freezing cloud, *Noise +Fly rC+}
   (You took it off an orc warrior on level 9 of the Dungeon)

   It has been specially enchanted to freeze those struck by it, causing extra
   injury to most foes and up to half again as much damage against particularly
   susceptible opponents.
   It can also slow down cold-blooded creatures.
   It protects you from cold.
   It lets you fly.
   It may make noises in combat.
 C - a +2 flail of holy wrath
Missiles
 d - 115 bolts
Armour
 D - a +0 cloak (worn)
 F - a +3 leather armour
 H - a +0 troll leather armour (worn)
Jewellery
 m - a ring of fire (left hand)
 p - an uncursed ring of resist corrosion
 w - an uncursed ring of protection from cold
 B - a ring of positive energy (right hand)
 E - an amulet of regeneration (around neck)
 K - an uncursed ring of fire
Wands
 e - a wand of random effects (29)
 f - a wand of digging (4)
 u - a wand of flame (20)
 G - a wand of polymorph (7)
 J - a wand of paralysis (15)
 L - a wand of disintegration (4)
Scrolls
 b - a scroll of holy word {unknown}
 g - 5 scrolls of immolation
 j - 8 scrolls of identify
 k - 2 scrolls of remove curse
 l - a scroll of fear {unknown}
 r - a scroll of random uselessness {unknown}
 t - 2 scrolls of enchant weapon
 y - a scroll of noise {unknown}
 z - 2 scrolls of magic mapping {unknown}
 A - 2 scrolls of silence {unknown}
 I - a scroll of summoning {unknown}
Potions
 c - 9 potions of curing
 h - a potion of flight
 n - 3 potions of lignification
 q - a potion of invisibility {unknown}
 s - 3 potions of attraction {unknown}
 v - a potion of experience {unknown}
 x - a potion of resistance {unknown}


   Skills:
 + Level 9.8 Fighting
 + Level 9.6 Crossbows
 + Level 9.4 Armour
 + Level 7.5 Dodging
 - Level 1.1 Stealth


You had 10 spell levels left.
You didn't know any spells.
Your spell library contained the following spells:

 Spells                   Type           Power        Failure   Level
 Corona                   Hex            0%           36%         1
 Ensorcelled Hibernation  Hex/Ice        0%           50%         2
 Confusing Touch          Hex            0%           73%         3
 Dazzling Flash           Conj/Hex       0%           73%         3
 Tukima's Dance           Hex            0%           73%         3


Dungeon Overview and Level Annotations

Branches:
Dungeon (10/15)            Temple (1/1) D:5            Lair (2/6) D:8
  Sewer (visited)
  Swamp: Lair:2-4    Shoals: Lair:2-4     Snake: Lair:2-4    Spider: Lair:2-4
    Orc: D:9-12

Altars:
Ashenzari
Cheibriados
Dithmenos
Elyvilon
Fedhas
Gozag
Hepliaklqana
Kikubaaqudgha
Makhleb
Nemelex Xobeh
Okawaru
Qazlal
Ru
Sif Muna
Trog
Uskayaw
Vehumet
Wu Jian
Xom
Yredelemnul
Zin
The Shining One

Shops:
D:5 (

Annotations:
D:8 1 runed translucent door, JBAR's ghost, novice GnFi


Innate Abilities, Weirdness & Mutations

You are resistant to torment.
Your stone body is resilient. (AC +8)
You are immune to poison.
You resist negative energy. (rN+)
You are resistant to electric shocks. (rElec)
You can survive without breathing.
You are immune to petrification.
You are immune to miasma.
You are agile. (Dex +2)
Your magical capacity is low. (-10% MP)
Your muscles are strong. (Str +2)
You evolve.


Message History

The large slime creature is heavily wounded.
The large slime creature closely misses you.
You sock the large slime creature!
The large slime creature is severely wounded.
The large slime creature closely misses you.
You hit the large slime creature.
The large slime creature is severely wounded.
The large slime creature hits you.
You sock the large slime creature!
The large slime creature is severely wounded.
The large slime creature misses you. The large slime creature hits you!
You are too injured to fight recklessly!
You sock the large slime creature!
The large slime creature is almost dead.
The large slime creature closely misses you.
You are too injured to fight recklessly!
You sock the large slime creature!
The large slime creature is almost dead.
The large slime creature hits you!!
You die...

###.......########
##.#####.#
####.##...#...#
#........###..###
..##.##.## #...
#.....###..###
####.#.#.# #
...##.##.##.#
......J@....#
###.######### #. #


You could see a large slime creature.

Vanquished Creatures
  Harold (D:8)
  A black mamba (Lair:1)
  4 cane toads
  Maggie (D:9)
  A rime drake (Lair:1)
  A troll (D:9)
  A shadow (D:9)
  A hog (Lair:1)
  A basilisk (Lair:1)
  10 yaks
  A steam dragon (D:9)
  Menkaure (D:7)
  A water moccasin (Lair:1)
  A sky beast (D:9)
  A swamp drake (D:8)
  3 black bears
  An ogre (D:7)
  4 orc warriors
  2 necrophages
  2 centaurs
  2 big kobolds
  10 bullfrogs
  A scorpion (D:6)
  2 howler monkeys (D:7)
  A quasit (D:9)
  A centaur zombie (D:7)
  2 hounds (D:6)
  8 orc priests
  Crazy Yiuf (D:6)
  6 orc wizards
  5 worker ants
  A killer bee zombie (D:8)
  2 hound zombies
  3 hound skeletons
  A worker ant zombie (D:6)
  4 gnolls (D:9)
  16 adders
  3 shadow imps
  2 ufetubi
  2 oozes (D:3)
  4 worms
  3 dart slugs
  5 leopard geckos
  24 orcs
  5 ball pythons
  4 bats
  11 giant cockroaches
  4 goblins
  7 hobgoblins
  7 jackals
  5 quokkas
  14 frilled lizards
  11 kobolds
  A quokka skeleton (D:6)
  12 rats
229 creatures vanquished.

Vanquished Creatures (collateral kills)
  Grinder (D:4)
1 creature vanquished.

Vanquished Creatures (others)
  A yak (Lair:1)
  7 fungi
  14 plants
22 creatures vanquished.

Grand Total: 252 creatures vanquished

Notes
Turn   | Place    | Note
-------+----------+-------------------------------------------
     0 | D:1      | Saba the Gargoyle Hunter began the quest for the Orb.
     0 | D:1      | Reached XP level 1. HP: 12/12 MP: 1/1
   137 | D:1      | Reached XP level 2. HP: 14/18 MP: 2/2
   389 | D:1      | Reached skill level 1 in Armour
   710 | D:1      | Reached XP level 3. HP: 19/22 MP: 3/3
  2059 | D:2      | Found a white marble altar of Elyvilon.
  2539 | D:2      | Reached XP level 4. HP: 21/27 MP: 4/4
  3343 | D:3      | Reached XP level 5. HP: 25/32 MP: 5/5
  4256 | D:3      | Found a white marble altar of Elyvilon.
  4290 | D:4      | Found a glowing drain.
  4327 | D:4      | Noticed Grinder
  4329 | Sewer    | Entered a sewer
  4589 | Sewer    | Reached skill level 5 in Crossbows
  4589 | Sewer    | Reached XP level 6. HP: 23/38 MP: 6/6
  5148 | D:4      | Killed Grinder
  5149 | D:4      | Reached XP level 7. HP: 42/44 MP: 7/7
  5395 | D:4      | Found a hazy altar of Hepliaklqana.
  5398 | D:4      | Found a radiant altar of Vehumet.
  5401 | D:4      | Found a blossoming altar of Fedhas.
  5404 | D:4      | Found a glowing golden altar of the Shining One.
  5597 | D:4      | Found a hide-covered altar of Uskayaw.
  5848 | D:5      | Entered Level 5 of the Dungeon
  6563 | D:5      | Found Ewiv Pao's Antique Weapon Shop.
  6654 | D:5      | Reached skill level 5 in Fighting
  6985 | D:5      | Found a staircase to the Ecumenical Temple.
  7038 | Temple   | Entered the Ecumenical Temple
  7258 | Temple   | Became a worshipper of Warmaster Okawaru
  7333 | D:6      | Found a glowing silver altar of Zin.
  7353 | D:6      | Paralysed by a centaur for 6 turns
  7367 | D:6      | Reached XP level 8. HP: 30/49 MP: 8/8
  7370 | D:6      | Paralysed by a centaur for 3 turns
  8015 | D:6      | Reached * piety under Okawaru
  8016 | D:6      | Reached skill level 5 in Armour
  8306 | D:6      | Found a runed translucent door.
  8307 | D:6      | Noticed Crazy Yiuf
  8358 | D:6      | Killed Crazy Yiuf
  8852 | D:7      | Found a sparkling altar of Nemelex Xobeh.
  9158 | D:7      | Found a snail-covered altar of Cheibriados.
  9220 | D:7      | Reached XP level 9. HP: 48/56 MP: 9/9
  9375 | D:7      | Noticed Menkaure
  9384 | D:7      | Killed Menkaure
  9384 | D:7      | Reached ** piety under Okawaru
  9484 | D:7      | Reached skill level 5 in Dodging
 10290 | D:8      | Found a runed translucent door.
 10290 | D:8      | Found a staircase to the Lair.
 10495 | D:8      | Noticed JBAR's ghost (novice GnFi)
 10731 | D:8      | Noticed Harold
 11573 | D:8      | Killed Harold
 11573 | D:8      | Reached *** piety under Okawaru
 11573 | D:8      | Reached **** piety under Okawaru
 11574 | D:8      | Reached XP level 10. HP: 19/64 MP: 10/10
 11942 | Lair:1   | Entered Level 1 of the Lair of Beasts
 11987 | D:8      | Received a gift from Okawaru
 12595 | Lair:1   | Noticed a black mamba
 12608 | Lair:1   | Killed a black mamba
 13072 | Lair:1   | Received a gift from Okawaru
 13255 | Lair:1   | Noticed a cane toad
 13272 | Lair:1   | Killed a cane toad
 13438 | Lair:1   | Noticed Joseph
 13507 | Lair:1   | Received a gift from Okawaru
 13518 | Lair:1   | Gained mutation: You are agile. (Dex +2) [potion of
                  | mutation]
 13518 | Lair:1   | Gained mutation: Your magical capacity is low. (-10% MP)
                  | [potion of mutation]
 13518 | Lair:1   | Gained mutation: Your muscles are strong. (Str +2) [potion
                  | of mutation]
 13518 | Lair:1   | Gained mutation: You evolve. [potion of mutation]
 13537 | Lair:1   | Noticed Joseph
 13537 | Lair:1   | Joseph changed into Joseph the hog
 13545 | Lair:1   | Killed Joseph the hog
 14019 | Lair:2   | Noticed an eight-headed hydra
 14031 | Lair:2   | Noticed a cane toad
 14035 | Lair:2   | Noticed a cane toad
 14044 | Lair:2   | Killed a cane toad
 14045 | Lair:2   | Reached XP level 11. HP: 16/71 MP: 9/9
 14849 | D:9      | Received a gift from Okawaru
 14930 | D:9      | Noticed Maggie
 14949 | D:9      | Killed Maggie
 15577 | D:10     | Entered Level 10 of the Dungeon
 15612 | D:10     | Slain by a large slime creature

Illustrated notes

Levels and vault maps discovered:
D:1:      co_arrival_square_in_a_square_in_a_square, layout_loops_ring
D:2:      mumra_celtic_spiral_tile, layout_loops_ring, kennysheep_cross_room,
          lemuel_altar_in_water2
D:3:      layout_rooms, nicolae_overflow_hidden_temple, solitary_fountain
D:4:      layout_cave_pools, eat_drink_and_be_merry_uskayaw,
          grunt_temple_overflow_cloverleaf, cheibrodos_sewer_entry_drain,
          uniq_grinder
D:5:      layout_basic, minmay_temple_entry_statues_pillars, serial_shops, shop
D:6:      layout_rooms, lemuel_round_altar, uniq_crazy_yiuf_cottage
D:7:      layout_loops_corners, slow_altar_2, basic_altar, uniq_menkaure
D:8:      layout_basic, lair_entry_dummy, ebering_ghost_inner_flame,
          st_stairs_10, uniq_harold
D:9:      layout_gridville, minmay_mirror_moons_of_madness, uniq_maggie
D:10:     layout_loops_cross, kennysheep_orc_monster_closet_entryway,
          kennysheep_nub, jiyva_altar_1
Temple:   eino_narrow_crystal_temple
Lair:1:   layout_cave_pods, uniq_joseph
Lair:2:   layout_chaotic_city, shoals_dummy_entry, guppyfry_snake_entry_garden,
          nicolae_quartered_pool_super, cheibrodos_lair_reptile_den,
          infiniplex_staircase_pool_2

Skill      XL: |  1  2  3  4  5  6  7  8  9 10 |
---------------+-------------------------------+-----
Armour         | 1 2 3 4 5 7 9 |  9.4
Dodging        | 2 3 4 6 7 |  7.5
Fighting       | 3 4 5 6 8 9 |  9.8
Crossbows      | 5 6 8 9 |  9.6
Stealth        | |  1.1

Action                   |  1- 3 |  4- 6 |  7- 9 | 10-12 || total
-------------------------+-------+-------+-------+-------++-------
Melee: Spear             |   307 |   300 |       |       ||   607
       Short sword       |     4 |   139 |   260 |       ||   403
       Quarterstaff      |       |       |   288 |   195 ||   483
       Flail             |       |       |    11 |       ||    11
 Fire: Hand crossbow     |       |       |       |   116 ||   116
Evoke: Wand              |       |     7 |    21 |     1 ||    29
  Use: Scroll            |     3 |     2 |     3 |     3 ||    11
       Potion            |       |     1 |     5 |     3 ||     9
 Stab: Paralysed         |       |       |     7 |     6 ||    13
       Petrified         |       |       |     5 |       ||     5
Armor: Chain mail        |   164 |   356 |   366 |       ||   886
       Leather armour    |       |       |    52 |   108 ||   160
       Skin              |       |       |       |    16 ||    16
       Troll leather arm |       |       |       |    20 ||    20
Dodge: Dodged            |    90 |   196 |   287 |   196 ||   769
